 Dungeon Crawl Stone Soup version 0.27-a0-334-g52645efa06 (webtiles) character file.

Game seed: 18023717003101982483

17582 FromAuschwitzToAshes the Cleaver (level 11, -9/124 HPs)
             Began as a Demigod Wanderer on Feb 13, 2021.
             Mangled by a white ugly thing (28 damage)
             ... on level 13 of the Dungeon.
             The game lasted 00:40:22 (19661 turns).

FromAuschwitzToAshes the Cleaver (DgWn)            Turns: 19661, Time: 00:40:22

Health: -9/124     AC: 25    Str: 24    XL:     11   Next: 93%
Magic:  17/17      EV:  2    Int: 16    God:
Gold:   922        SH:  0    Dex: 12    Spells: 9/13 levels left

rFire    . . .     SeeInvis +   a - +1 flail (drain)
rCold    . . .     Faith    .   (no shield)
rNeg     + + +     Spirit   .   (armour currently unavailable)
rPois    +         Reflect  .   (helmet currently unavailable)
rElec    .         Harm     .   (cloak currently unavailable)
rCorr    .         Rampage  .   (gloves currently unavailable)
Will     +....     NoTele   +   (boots currently unavailable)
Stlth    +.........             p - amulet of magic regeneration
HPRegen  0.30/turn              F - +4 ring of evasion
MPRegen  0.40/turn              H - ring of see invisible

@: tree-form, studying Necromancy
A: high mp 1
a: no special abilities


You were on level 13 of the Dungeon.
You were a tree.
You visited 1 branch of the dungeon, and saw 14 of its levels.

You collected 922 gold pieces.

Inventory:

Hand Weapons
 a - a +1 flail of draining (weapon)
 b - a +0 hunting sling of flaming
 w - a +2 whip of venom
 G - a +1 morningstar of freezing
 Q - a +3 trident of freezing
 X - a +4 hand axe of flaming
Missiles
 j - 45 sling bullets
 l - 3 boomerangs
 m - 305 stones
 t - 14 poisoned darts (quivered)
 R - 4 curare-tipped darts
 W - 3 javelins
Armour
 n - a +1 leather armour of fire resistance (melded)
 x - a +4 chain mail
 A - a +0 robe of willpower
 L - a +2 cloak of willpower (melded)
 S - a +2 leather armour of cold resistance
Jewellery
 c - an amulet of regeneration {unknown}
 g - a ring of protection from cold
 i - a ring of fire
 p - an amulet of magic regeneration (around neck)
 u - a +6 ring of strength
 z - a ring of wizardry
 F - a +4 ring of evasion (left branch)
 H - a ring of see invisible (right branch)
 U - a ring of resist corrosion
Wands
 k - a wand of flame (5)
 I - a wand of acid (18)
 K - a wand of polymorph (11)
Scrolls
 e - 2 scrolls of amnesia {unknown}
 s - 2 scrolls of identify
 v - 3 scrolls of immolation
 D - 3 scrolls of teleportation
 J - a scroll of vulnerability
 O - a scroll of blinking
Potions
 d - a potion of might
 f - 5 potions of cancellation
 h - a potion of mutation
 o - 3 potions of magic
 q - 4 potions of heal wounds
 r - 2 potions of flight
 B - 4 potions of curing
 C - 2 potions of attraction
 E - 2 potions of haste
 M - 2 potions of ambrosia
 P - a potion of brilliance {unknown}
 Y - a potion of berserk rage


   Skills:
 + Level 3.7 Fighting
 - Level 2.1(3.6) Short Blades
 - Level 4.5(4.8) Long Blades
 * Level 12.0(13.9) Axes
 - Level 11.8(13.7) Maces & Flails
 - Level 1.8(2.0) Slings
 - Level 1.0(1.5) Throwing
 - Level 1.0 Dodging
 - Level 1.7 Spellcasting
 + Level 1.0 Summonings
 - Level 2.6 Earth Magic
 - Level 1.7 Evocations


You had 9 spell levels left.
You knew the following spells:

 Your Spells              Type           Power        Failure   Level
a - Sandblast             Erth           20%          7%          1
b - Passwall              Tmut/Erth      4%           19%         2
c - Summon Small Mammal   Summ           16%          14%         1

Your spell library contained the following spells:

 Spells                   Type           Power        Failure   Level
 Animate Skeleton         Necr           2%           22%         1
 Apportation              Tloc           2%           22%         1
 Corona                   Hex            1%           22%         1
 Ensorcelled Hibernation  Hex/Ice        2%           32%         2
 Stone Arrow              Conj/Erth      10%          36%         3
 Confusing Touch          Hex            1%           54%         3
 Dazzling Flash           Conj/Hex       2%           54%         3
 Gell's Gravitas          Tloc           0%           54%         3
 Static Discharge         Conj/Air       1%           54%         3
 Tukima's Dance           Hex            1%           54%         3
 Petrify                  Tmut/Erth      5%           77%         4
 Lee's Rapid Deconstruct  Erth           5%           89%         5
 Lightning Bolt           Conj/Air       0%           99%         5
 Metabolic Englaciation   Hex/Ice        0%           99%         5
 Yara's Violent Unravell  Hex/Tmut       0%           99%         5
 Ignition                 Fire           0%           100%        8
 Shatter                  Erth           5%           100%        9
 Tornado                  Air            0%           100%        9


Dungeon Overview and Level Annotations

Branches:
Dungeon (14/15)            Temple (0/1) D:4             Orc (0/2) D:11
 Vaults (0/5) D:14
   Lair: D:8-11

Shops:
D:4 (   D:6 =(

Annotations:
D:9 exclusion: obsidian statue
D:10 Sonja
D:13 Erolcha


Innate Abilities, Weirdness & Mutations

You have an increased reservoir of magic. (+10% MP)


Message History

The white ugly thing gores you. The white ugly thing freezes you!!
* * * LOW HITPOINT WARNING * * *
You hit the white ugly thing. You drain the white ugly thing.
The white ugly thing is severely wounded.
Okay, then.
Okay, then.
Aiming: Corrosive Bolt
Press: ? - help, Shift-Dir - straight line, f - white ugly thing, p - white ugly thing
Aim: a white ugly thing (29% to evade)
The bolt of acid hits the white ugly thing!
The white ugly thing is splashed with acid!
The white ugly thing is almost dead.
The bolt of acid misses the white ugly thing.
You hear a croak.
Unknown command.
Unknown command.
Okay, then.
Okay, then.
Really quaff the potion of lignification?
You turn into a tree.
Your +2 cloak of willpower melds into your body.
Your +1 leather armour of fire resistance melds into your body.
You feel less strong-willed.
You feel less resistant to fire.
Your roots penetrate the ground.
A bullfrog comes into view.
You thump the white ugly thing! You drain the white ugly thing.
The white ugly thing is moderately wounded.
The white ugly thing stings you!
* * * LOW HITPOINT WARNING * * *
The white ugly thing freezes you!
* * * LOW HITPOINT WARNING * * *
You hit the white ugly thing.
The white ugly thing is moderately wounded.
The white ugly thing stings you but does no damage.
You feel much better.
You kill the white ugly thing!
The white ugly thing stings you!
* * * LOW HITPOINT WARNING * * *
The white ugly thing freezes you!!
You die...

### .. ####♣####...
#.##u#...... ###
##..(F(......
###.###...>.#....u.
#....##.#..##..#...
####...#..#(.# ##
.. ##.#.......#....
#........#.#.....
#........#.#.......


You could see a white ugly thing (drained) and a bullfrog.

Vanquished Creatures
  An ettin (D:14)
  A hydra (D:8)
  3 two-headed ogres
  An unseen horror (D:13)
  A wizard (D:14)
  Pikel (D:9)
  2 cyclopes
  An ugly thing (D:13)
  3 slime creatures (D:14)
  Maurice (D:11)
  Joseph (D:7)
  A gargoyle (D:10)
  Maggie (D:10)
  2 centaur skeletons
  A komodo dragon (D:14)
  3 trolls
  Grinder (D:3)
  2 dream sheep (D:8)
  Prince Ribbit (D:7)
  Sigmund (D:2)
  5 yaks (D:9)
  A steam dragon (D:11)
  Eustachio (D:3)
  Menkaure (D:5)
  Grum (D:11)
  5 orc warriors
  An ice beast (D:5)
  A black bear (D:6)
  2 sky beasts
  A necrophage (D:10)
  4 wolves (D:11)
  6 centaurs
  5 ogres
  A lemure (D:9)
  4 phantoms
  4 kobold brigands
  Blork the orc (D:3)
  4 bullfrogs
  A wyvern skeleton (D:14)
  A water moccasin skeleton (D:9)
  2 scorpions
  8 killer bees
  13 wights
  5 howler monkeys
  2 centaur zombies
  A bullfrog zombie (D:10)
  A quasit (D:7)
  3 jellies
  A gnoll shaman (D:5)
  5 orc priests
  5 hounds
  2 bullfrog skeletons
  5 iguanas
  Terence (D:2)
  Natasha (twice) (D:3)
  13 orc wizards
  13 worker ants
  A hound zombie (D:11)
  2 hound skeletons
  12 gnolls
  3 worker ant zombies
  10 adders
  A howler monkey skeleton (D:8)
  2 shadow imps
  2 white imps
  2 oozes
  2 adder zombies
  4 worms
  A dart slug (D:1)
  4 leopard geckos
  34 orcs
  21 giant cockroaches
  3 goblins (D:1)
  9 hobgoblins
  7 jackals
  5 quokkas
  3 ball pythons
  6 bats
  7 frilled lizards
  8 kobolds
  2 quokka skeletons (D:4)
  4 rats
316 creatures vanquished.

Vanquished Creatures (others)
  A fungus (D:3)
  3 plants
4 creatures vanquished.

Grand Total: 320 creatures vanquished

Notes
Turn   | Place    | Note
-------+----------+-------------------------------------------
     0 | D:1      | FromAuschwitzToAshes the Demigod Wanderer began the quest
                  | for the Orb.
     0 | D:1      | FromAuschwitzToAshes set off with the following items: a +0
                  | club, a scroll of teleportation, a potion of curing, a +0
                  | robe; and the following spell memorised: Sandblast; and the
                  | following spells available to memorise: Passwall, Stone
                  | Arrow, Petrify, Lee's Rapid Deconstruction
     0 | D:1      | Reached XP level 1. HP: 17/17 MP: 5/5
   583 | D:1      | Reached skill level 1 in Short Blades
   936 | D:1      | Reached XP level 2. HP: 22/24 MP: 7/7
  1759 | D:2      | Reached XP level 3. HP: 27/29 MP: 8/8
  2248 | D:2      | Noticed Sigmund
  2616 | D:2      | Reached skill level 1 in Long Blades
  2640 | D:2      | Noticed Terence
  2649 | D:2      | Killed Terence
  2837 | D:2      | Found a faded altar of an unknown god.
  2950 | D:2      | Reached XP level 4. HP: 30/37 MP: 9/9
  3620 | D:2      | Killed Sigmund
  3621 | D:2      | Reached XP level 5. HP: 45/45 MP: 10/10
  3771 | D:3      | Learned a level 2 spell: Passwall
  3889 | D:3      | Reached XP level 6. HP: 48/51 MP: 11/11
  3924 | D:3      | Noticed Natasha
  3939 | D:3      | Killed Natasha
  4112 | D:3      | Noticed Natasha
  4119 | D:3      | Killed Natasha
  4370 | D:3      | Noticed Grinder
  4372 | D:3      | Paralysed by Grinder for 3 turns
  4568 | D:3      | Found a broken altar of Ashenzari.
  4572 | D:3      | Saw a vision of the Swamp and the Spider Nest.
  4572 | D:3      | Noticed a will-o-the-wisp
  4572 | D:3      | Noticed a redback
  4572 | D:3      | Noticed a redback
  4575 | D:3      | Noticed a redback
  4605 | D:3      | Paralysed by Grinder for 5 turns
  4610 | D:3      | Killed Grinder
  4611 | D:3      | Reached skill level 1 in Throwing
  4611 | D:3      | Reached XP level 7. HP: 57/57 MP: 12/12
  4700 | D:4      | Noticed Blork the orc
  4708 | D:3      | Killed Blork the orc
  4808 | D:4      | Noticed Eustachio
  5087 | D:3      | Killed Eustachio
  5088 | D:3      | Reached skill level 5 in Maces & Flails
  5560 | D:4      | Found a staircase to the Ecumenical Temple.
  5912 | D:4      | Found Jeoril's Weapon Shop.
  5933 | D:4      | Reached XP level 8. HP: 63/63 MP: 13/13
  6296 | D:5      | Entered Level 5 of the Dungeon
  6517 | D:5      | Noticed Menkaure
  6522 | D:5      | Killed Menkaure
  8926 | D:6      | Reached XP level 9. HP: 67/68 MP: 14/14
  9095 | D:6      | Found Otuqov's Jewellery Emporium.
  9234 | D:6      | Found Bydo's Weapon Shoppe.
  9807 | D:6      | Reached skill level 10 in Maces & Flails
 10499 | D:7      | Noticed Prince Ribbit
 10509 | D:7      | Killed Prince Ribbit
 10668 | D:7      | Noticed Joseph
 10685 | D:7      | Killed Joseph
 12825 | D:8      | Reached XP level 10. HP: 38/75 MP: 15/15
 13239 | D:8      | Reached skill level 1 in Slings
 13613 | D:8      | Reached skill level 1 in Axes
 13617 | D:8      | Reached skill level 2 in Axes
 13701 | D:8      | Noticed a two-headed hydra
 13706 | D:8      | Killed a one-headed hydra
 13707 | D:8      | Reached skill level 4 in Axes
 14557 | D:9      | Reached skill level 5 in Axes
 14647 | D:9      | Noticed Pikel
 14680 | D:9      | Killed Pikel
 14786 | D:9      | Noticed a two-headed ogre
 14804 | D:9      | Killed a two-headed ogre
 14805 | D:9      | Reached skill level 6 in Axes
 14895 | D:9      | Found a sacrificial altar of Ru.
 14916 | D:9      | Noticed a +0 hand axe
 14917 | D:9      | Noticed a +0 hand axe
 15012 | D:9      | Reached skill level 7 in Axes
 15386 | D:9      | Found a burning altar of Makhleb.
 15475 | D:9      | Noticed an obsidian statue
 15671 | D:9      | Found a sparkling altar of Nemelex Xobeh.
 15714 | D:9      | Noticed a two-headed ogre
 15736 | D:9      | Killed a two-headed ogre
 15737 | D:9      | Reached skill level 8 in Axes
 15790 | D:9      | Found a hide-covered altar of Uskayaw.
 15908 | D:9      | Reached XP level 11. HP: 57/82 MP: 17/17
 16273 | D:10     | Entered Level 10 of the Dungeon
 16816 | D:10     | Noticed Maggie
 16835 | D:10     | Killed Maggie
 16836 | D:10     | Reached skill level 9 in Axes
 17239 | D:10     | Noticed Sonja
 17588 | D:11     | Noticed Grum
 17620 | D:11     | Killed Grum
 17882 | D:11     | Found a staircase to the Orcish Mines.
 17916 | D:11     | You fall into a shaft and drop 3 floors!
 17986 | D:14     | Reached skill level 10 in Axes
 18390 | D:14     | Noticed an ettin
 18390 | D:14     | Noticed a wizard
 18394 | D:14     | Killed a wizard
 18399 | D:14     | Killed an ettin
 18415 | D:14     | Found a gate to the Vaults.
 18655 | D:14     | Reached skill level 11 in Axes
 18841 | D:13     | Found an ornate altar of the Wu Jian Council.
 18845 | D:13     | Noticed Erolcha
 19159 | D:12     | Noticed a two-headed ogre
 19168 | D:12     | Killed a two-headed ogre
 19263 | D:12     | Noticed a skeletal warrior
 19263 | D:12     | Noticed a skeletal warrior
 19263 | D:12     | Noticed a skeletal warrior
 19263 | D:12     | Noticed a skeletal warrior
 19459 | D:11     | Noticed Maurice
 19475 | D:11     | Killed Maurice
 19576 | D:11     | Learned a level 1 spell: Summon Small Mammal
 19584 | D:11     | You fall into a shaft and drop 3 floors!
 19596 | D:13     | Noticed an unseen horror
 19626 | D:13     | Killed an unseen horror
 19627 | D:13     | Reached skill level 12 in Axes
 19627 | D:13     | Reached skill level 1 in Summonings
 19661 | D:13     | Mangled by a white ugly thing

Illustrated notes

Levels and vault maps discovered:
D:1:      onia_arrival_pyramid, layout_basic
D:2:      layout_loops_corners, serial_rivers, chequers_serial_rivers_small_b,
          chequers_serial_rivers_small_b, chequers_serial_rivers_micro_d,
          chequers_serial_rivers_micro_c, chequers_ecumenical_altar_twisty,
          uniq_sigmund, uniq_terence
D:3:      minmay_roachtagon, layout_loops_ring, grunt_ashenzari_visionary
          [grunt_ashenzari_visionary_swamp, grunt_ashenzari_visionary_spider],
          uniq_natasha, uniq_grinder
D:4:      layout_basic, temple_fountains, serial_shops, shop,
          uniq_blork_the_orc, uniq_eustachio
D:5:      layout_rooms, minmay_manual_mullet, uniq_menkaure
D:6:      layout_loops_corners, serial_shops, nicolae_shop_behind_doors, shop,
          kennysheep_generic_room_14
D:7:      layout_basic, kennysheep_windowed_goal, uniq_joseph,
          uniq_prince_ribbit1
D:8:      layout_loops_ring, dk_vineyard_3, hangedman_ranch
          [blue_anna_fruit_fields]
D:9:      layout_roguey, old_standard_altar, dancing_weapons_uskayaw,
          nemelex_xobeh_ov_fountains_minmay, lemuel_crystal_altar,
          minmay_protected_statue, uniq_pikel
D:10:     layout_irregular_city, wad_dig_loot, uniq_urug, uniq_sonja,
          uniq_maggie
D:11:     layout_rooms, lair_entry_dummy, orc_0_dummy, uniq_maurice, uniq_grum
D:12:     layout_basic, minivault_11, glass_columns_a
D:13:     layout_cave_pools, basic_altar, fungi_pond_lemuel,
          small_statue_alley_a, uniq_erolcha
D:14:     layout_roguey, david_vaults_4, chequers_serial_rivers_micro_c,
          serial_shops, nicolae_shop_stone

Skill      XL: |  1  2  3  4  5  6  7  8  9 10 11 |
---------------+----------------------------------+-----
Fighting       | 2 3 |  3.7
Short Blades   | 1 2 |  2.1
Long Blades    | 1 3 4 |  4.5
Maces & Flails | 3 6 9 11 | 11.8
Throwing       | 1 |  1.0
Slings         | 1 |  1.8
Axes           | 8 12 | 12.0
Summonings     | 1 |  1.0
Dodging        | |  1.0
Spellcasting   | |  1.7
Earth Magic    | |  2.6
Evocations     | |  1.7

Action                   |  1- 3 |  4- 6 |  7- 9 | 10-12 || total
-------------------------+-------+-------+-------+-------++-------
Melee: Dagger            |    65 |       |       |       ||    65
       Club              |     9 |       |       |       ||     9
       Whip              |    76 |   118 |   270 |    53 ||   517
       Flail             |       |       |   167 |   363 ||   530
       Hand axe          |       |       |       |    12 ||    12
 Fire: Hunting sling     |       |       |   138 |    85 ||   223
Throw: Dart              |       |    11 |    57 |    46 ||   114
       Boomerang         |       |       |    10 |       ||    10
       Throwing net      |       |       |     1 |     3 ||     4
       Javelin           |       |       |       |     5 ||     5
 Cast: Sandblast         |     4 |     2 |     9 |       ||    15
Evoke: Wand              |       |     8 |    14 |    13 ||    35
  Use: Potion            |     1 |       |     4 |     3 ||     8
       Scroll            |     1 |     1 |    17 |    10 ||    29
 Stab: Sleeping          |     2 |       |       |       ||     2
       Held in net/web   |       |       |       |     3 ||     3
Armor: Robe              |    19 |       |       |       ||    19
       Leather armour    |     4 |    38 |    84 |    49 ||   175
       Skin              |       |       |       |     1 ||     1
Dodge: Dodged            |    69 |    70 |   311 |   266 ||   716

Table legend: (Time is in decaauts)
 A = Elapsed time spent in this place.
 B = Non-inter-level travel time spent in this place.
 C = Inter-level travel time spent in this place.
 D = Time resting spent in this place.
 E = Time spent auto-exploring this place.
 F = Levels seen in this place.
 G = Mean time per level.
                   A        B        C        D        E       F      G
               +--------+--------+--------+--------+--------+-----+--------+
         Total |  19553 |  19082 |    471 |   6118 |   9675 |  14 | 1396.6 |
       Dungeon |  19553 |  19082 |    471 |   6118 |   9675 |  14 | 1396.6 |
               +--------+--------+--------+--------+--------+-----+--------+

Top non-repeatable levels by time:
     D:8: 2341 daAuts
     D:5: 2207 daAuts
     D:9: 2078 daAuts
     D:2: 1989 daAuts
     D:7: 1834 daAuts
     D:1: 1770 daAuts
     D:3: 1406 daAuts
     D:6: 1324 daAuts
     D:4: 1279 daAuts
    D:10: 957 daAuts
    D:11: 931 daAuts
    D:14: 899 daAuts
    D:12: 443 daAuts
    D:13: 88 daAuts
